 Dungeon Crawl Stone Soup version 0.19-a0-376-gf780d9b (webtiles) character file.

113 Duffy the Chopper (level 4, -1/37 HPs)
             Began as a Minotaur Gladiator on May 30, 2016.
             Slain by tstbtto's ghost (11 damage)
             ... on level 3 of the Dungeon.
             The game lasted 00:01:47 (2128 turns).

Duffy the Chopper (Minotaur Gladiator)              Turns: 2128, Time: 00:01:48

Health: -1/37      AC:  3    Str: 20    XL:     4   Next: 65%
Magic:  1/3        EV: 12    Int:  5    God:
Gold:   99         SH:  0    Dex: 11    Spells: 0 memorised, 3 levels left

rFire  . . .     SeeInvis .     a - +0 war axe
rCold  . . .     Gourm    .     b - +0 leather armour
rNeg   . . .     Faith    .     (no shield)
rPois  .         Spirit   .     c - +0 hat
rElec  .         Dismiss  .     (no cloak)
rCorr  .         Reflect  .     (no gloves)
SustAt .         Harm     .     (no boots)
MR     .....                    e - amulet of magic regeneration
Stlth  +.........               (no ring)
                                (no ring)

@: not resistant to hostile enchantments, very unstealthy
A: retaliatory headbutt, horns 2
a: no special abilities


You were on level 3 of the Dungeon.
You were not hungry.

You visited 1 branch of the dungeon, and saw 3 of its levels.

You collected 99 gold pieces.


Innate Abilities, Weirdness & Mutations

You reflexively headbutt those who attack you in melee.
You have a pair of horns on your head.


   Skills:
 - Level 2.4 Fighting
 + Level 6.6 Axes
 - Level 2.0 Throwing
 - Level 3.2 Dodging


You had 3 spell levels left.
You didn't know any spells.

Inventory:

Hand Weapons
 a - a +0 war axe (weapon)
Missiles
 d - 3 throwing nets (quivered)
Armour
 b - a +0 leather armour (worn)
 c - a +0 hat (worn)
Jewellery
 e - an amulet of magic regeneration (around neck)
Scrolls
 h - a scroll of random uselessness {unknown}
 i - 4 scrolls of teleportation {unknown}
 o - a scroll of recharging {unknown}
 p - a scroll of identify {unknown}
 s - a scroll of amnesia {unknown}
Potions
 g - 3 potions of heal wounds {unknown}
 j - 3 potions of magic {unknown}
 k - a potion of invisibility {unknown}
 m - 2 potions of curing {unknown}
 n - a potion of lignification {unknown}
Comestibles
 f - 4 bread rations
 l - a beef jerky
 q - 2 meat rations
 r - 4 fruits

Dungeon Overview and Level Annotations

Branches:
Dungeon (3/15)

Altars:
Zin
The Shining One

Shops:
D:2 *

Annotations:
D:3 tstbtto's ghost, amateur MiCK


Message History

No target in view!
No target in view!
No target in view!
No target in view!
No target in view!
No target in view!
No target in view!
No target in view!
No target in view!
No target in view!
The adder skeleton bites you.
Found a stone staircase leading down.
You barely miss the adder skeleton. You headbutt the adder skeleton.
The adder skeleton bites you but does no damage. x2
You barely miss the adder skeleton. The adder skeleton barely misses you.
You hit the adder skeleton but do no damage.
The adder skeleton barely misses you.
You hit the adder skeleton.
Your headbutt misses the adder skeleton.
The adder skeleton barely misses you. You furiously retaliate!
You headbutt the adder skeleton. The adder skeleton bites you.
You barely miss the adder skeleton. The adder skeleton misses you.
You furiously retaliate!
You headbutt the adder skeleton! You completely miss the adder skeleton.
You headbutt the adder skeleton.
You destroy the adder skeleton!
No target in view!
No target in view!
No target in view!
All of the chunks of flesh in your inventory have rotted away.
Found 21 sling bullets.
You found a shaft!
There is a shaft here.
You now have 99 gold pieces (gained 2).
Tstbtto's ghost (amateur Minotaur Chaos Knight) comes into view.
It is wielding a weapon of chaos.
Tstbtto's ghost turns its malevolent gaze towards you.
You hit tstbtto's ghost. You headbutt tstbtto's ghost.
Tstbtto's ghost is lightly damaged.
Tstbtto's ghost hits you.
You are electrocuted!
You completely miss tstbtto's ghost.
Tstbtto's ghost is lightly damaged.
Tstbtto's ghost hits you!
You feel your power leaking away. Tstbtto's ghost closely misses you.
You furiously retaliate!
You headbutt tstbtto's ghost, but do no damage. 2 orcs come into view.
The orc shouts! x2
You slash tstbtto's ghost!
Tstbtto's ghost is heavily damaged.
Tstbtto's ghost hits you!
You die...

#### ...## o..# #.# #o.#
#.# #. #..# #.# #. #..#
#.# #. #W.# #.########.
#@.## #.##....8#.
##.#.## #.##...P.#.
######.###.###.##..8..#.
#.....## ##..........8..
#.####.###.######..^####
#.# ##.#.## ##### # #.#
##.## # #.# ### # #.#


You could see tstbtto's ghost and 2 orcs.

Action                   |  1- 3 |  4- 6 || total
-------------------------+-------+-------++-------
Melee: War axe           |    72 |    27 ||    99
       Headbutt          |     8 |     5 ||    13
  Eat: Chunk             |     1 |     3 ||     4
Armor: Leather armour    |    21 |    14 ||    35
Dodge: Dodged            |    48 |    17 ||    65

Notes
Turn   | Place    | Note
--------------------------------------------------------------
     0 | D:1      | Duffy the Minotaur Gladiator began the quest for the Orb.
     0 | D:1      | Reached XP level 1. HP: 18/18 MP: 0/0
    76 | D:1      | Reached skill level 4 in Axes
   350 | D:1      | Reached XP level 2. HP: 25/25 MP: 1/1
   938 | D:2      | Found a glowing golden altar of the Shining One.
   993 | D:2      | Found Zin's Purification Station.
   995 | D:2      | Found a glowing silver altar of Zin.
  1011 | D:2      | Reached skill level 5 in Axes
  1011 | D:2      | Reached XP level 3. HP: 30/30 MP: 2/2
  1488 | D:2      | Reached XP level 4. HP: 22/37 MP: 3/3
  1833 | D:3      | Reached skill level 6 in Axes
  1842 | D:3      | Noticed Jessica
  1849 | D:3      | Killed Jessica
  2122 | D:3      | Noticed tstbtto's ghost (amateur MiCK)
  2128 | D:3      | Slain by tstbtto's ghost

Skill      XL: |  1  2  3  4 |
---------------+-------------+-----
Axes           | 4 5 6 |  6.6
Fighting       | |  2.4
Throwing       | |  2.0
Dodging        | |  3.2

Vault maps used:
D:1:      dpeg_arrival_arbitrary_c
D:2:      zin_purify, lemuel_coloured_pillars_altar, serial_bayou_pond_d,
          kennysheep_generic_room_13
D:3:      lemuel_crystal_altar, serial_undead, serial_undead_b, serial_undead_c,
          serial_undead_c, serial_undead_c, serial_undead_b, serial_undead_a,
          first_bread, uniq_robin, uniq_iyjb, uniq_jessica

Vanquished Creatures
  Jessica
  3 adders
  2 adder skeletons
  A dart slug
  A giant gecko
  A ball python
  6 bats
  A giant cockroach
  6 hobgoblins
  5 jackals
  2 quokkas
  A ball python skeleton
  6 giant newts
  5 goblins
  2 kobolds
  11 rats
54 creatures vanquished.
